 Dungeon Crawl Stone Soup version 0.31-a0-263-ge8cad7f256 (webtiles) character file.

Game seed: 10772216335211522347

83355 Midn8 the Brawler (level 14, -1/116 HPs)
             Began as a Demonspawn Shapeshifter on July 13, 2023.
             Was the Champion of Ru.
             Slain by an orc knight
             ... wielding a +1 battleaxe
              (18 damage)
             ... on level 14 of the Dungeon.
             The game lasted 01:08:41 (25561 turns).

Midn8 the Brawler (Demonspawn Shapeshifter)        Turns: 25561, Time: 01:08:42

Health: -1/116     AC:  5    Str: 18    XL:     14   Next: 32%
Magic:  9/14       EV: 14    Int: 15    God:    Ru [******]
Gold:   1535       SH: 20    Dex: 15    Spells: 13/13 levels left

rFire   + .          .
                       - Unarmed
rCold   . . .        g - +0 kite shield
rNeg    + . .        K - melded +6 chain mail "Ickukiat" {rElec}
rPois   .            (helmet unavailable)
rElec   .            e - +2 cloak
rCorr   .            d - +0 pair of gloves
SInv    +            N - +0 pair of boots
Will    +....        B - amulet of reflection
Stlth   +            Q - ring of positive energy
HPRegen 0.39/turn    L - ring of protection from fire
MPRegen 0.14/turn

%: reflection
@: exhausted, maw-form, unable to drink
A: devouring maw, antennae 3, demonic guardian 2, inability to drink after
injury 2, inability to use devices, no hexes magic, no ice magic, no
translocations magic, inexperienced 1, big brain 2, condensation shield
a: Begin Untransformation, Renounce Religion, Draw Out Power, Power Leap,
Apocalypse


You were on level 14 of the Dungeon.
You worshipped Ru.
Ru was exalted by your worship.
You were a creature with a mouth for a stomach.
You visited 4 branches of the dungeon, and saw 23 of its levels.
You also visited: Ossuary.

You collected 2437 gold pieces.
You spent 902 gold pieces at shops.

Inventory:

Missiles
 p - 18 boomerangs
 u - 3 curare-tipped darts
 w - 48 poisoned darts
 J - 2 throwing nets
Armour
 d - a +0 pair of gloves (worn)
 e - a +2 cloak (worn)
 f - a scarf of repulsion
 g - a +0 kite shield (worn)
 l - a +0 scale mail
 H - the +0 chain mail "Boobug" {Int+5 SInv}
   (You bought it in a shop on level 9 of the Dungeon)

   Int:       It affects your intelligence (+5).
   SInv:      It lets you see invisible.
 I - the +1 ring mail "Suappoy" {-Cast Harm rPois rCorr Stlth-}
   (You bought it in a shop on level 6 of the Dungeon)

   rPois:     It protects you from poison.
   -Cast:     It prevents spellcasting.
   rCorr:     It protects you from acid and corrosion.
   Harm:      It increases damage dealt and taken.
   Stlth:     It makes you less stealthy.
 K - the +6 chain mail "Ickukiat" (melded) {rElec}
   (You found it on level 3 of the Lair of Beasts)

   rElec:     It insulates you from electricity.
 N - a +0 pair of boots (worn)
 P - +0 fire dragon scales
Jewellery
 B - an amulet of reflection (around neck)
 D - a ring of see invisible
 E - a ring of protection from fire
 L - a ring of protection from fire (right hand)
 Q - a ring of positive energy (left hand)
 T - an amulet of the acrobat
Talismans
 c - a beast talisman
 h - a serpent talisman
 x - a blade talisman
 M - a maw talisman
Scrolls
 a - 6 scrolls of teleportation
 m - 4 scrolls of amnesia
 r - 2 scrolls of fear
 t - 3 scrolls of fog
 v - 3 scrolls of vulnerability
 y - 4 scrolls of enchant weapon
 A - 2 scrolls of revelation
 G - 2 scrolls of immolation
 O - 3 scrolls of blinking
 U - a scroll of silence
Potions
 b - 2 potions of lignification
 i - 6 potions of mutation
 j - 8 potions of heal wounds
 k - 8 potions of enlightenment
 n - 4 potions of brilliance
 o - 5 potions of might
 q - 7 potions of curing
 s - a potion of attraction
 z - a potion of cancellation
 C - 2 potions of invisibility
 F - a potion of resistance
 S - a potion of ambrosia {unknown}
Miscellaneous
 R - a piece from Xom's chessboard (15/15)


   Skills:
 + Level 12.6 Fighting
 - Level 8.0 Dodging
 - Level 8.0 Shields
 - Level 16.0 Unarmed Combat
 - Level 11.0 Shapeshifting


You had 13 spell levels left.
You didn't know any spells.
Your spell library contained the following spells:

 Spells                   Type           Power      Damage    Failure   Level
 Necrotise                Necr           0%         1d4       52%         1
 Summon Small Mammal      Summ           0%         N/A       52%         1
 Cigotuvi's Dreadful Rot  Necr/Pois/Air  0%         N/A       65%         2
 Passwall                 Tmut/Erth      0%         N/A       65%         2
 Poisonous Vapours        Pois/Air       0%         N/A       65%         2
 Scorch                   Fire           0%         2d5       65%         2
 Sublimation of Blood     Necr           0%         N/A       65%         2
 Ignite Poison            Fire/Tmut/Pois 0%         N/A       87%         3
 Mephitic Cloud           Conj/Pois/Air  0%         N/A       87%         3
 Swiftness                Air            0%         N/A       87%         3
 Flame Wave               Conj/Fire      0%         2d4       99%         4
 Petrify                  Tmut/Erth      0%         N/A       99%         4
 Sticky Flame             Conj/Fire      0%         2d3       99%         4
 Irradiate                Conj/Tmut      0%         3d11      100%        5
 Summon Cactus Giant      Summ           0%         N/A       100%        6
 Orb of Destruction       Conj           0%         9d5       100%        7
 Spellforged Servitor     Conj/Summ      0%         N/A       100%        7
 Ignition                 Fire           0%         3d3       100%        8
 Apportation              Tloc           Unusable   N/A       N/A         1
 Freeze                   Ice            Unusable   1d3       N/A         1
 Ensorcelled Hibernation  Hex/Ice        Unusable   N/A       N/A         2
 Frozen Ramparts          Ice            Unusable   1d1       N/A         3
 Hailstorm                Conj/Ice       Unusable   3d3       N/A         3
 Summon Guardian Golem    Hex/Summ       Unusable   N/A       N/A         3
 Freezing Cloud           Conj/Ice/Air   Unusable   6-21      N/A         5

Dungeon Overview and Level Annotations

Branches:
Dungeon (15/15)            Temple (1/1) D:4            Lair (5/5) D:11
 Shoals (0/4) Lair:2       Spider (0/4) Lair:3        Slime (0/5) Lair:4
    Orc (2/2) D:12            Elf (0/3) Orc:2        Vaults (0/5) D:14
Ossuary (visited)
 Depths: D:15

Altars:
Ashenzari
Cheibriados
Dithmenos
Fedhas
Gozag
Hepliaklqana
Kikubaaqudgha
Makhleb
Nemelex Xobeh
Okawaru
Qazlal
Ru
Sif Muna
Trog
Uskayaw
Vehumet
Wu Jian
Xom
Yredelemnul
Jiyva

Shops:
D:5 (   D:6 :*   D:9 [:   Orc:2 !?:(

Annotations:
D:3 1 runed translucent door, Crazy Yiuf
D:11 2 runed translucent doors, exclusion: orange crystal statue


Innate Abilities, Weirdness & Mutations

You are a creature with a mouth for a stomach.
Your midsection houses a second, enormous mouth.
You have a pair of large antennae on your head. (SInv)
A demonic guardian rushes to your aid.
You sometimes lose the ability to drink potions when taking damage.
You cannot study or use magical devices.
You cannot study or cast Hexes magic.
You cannot study or cast Ice magic.
You cannot study or cast Translocations magic.
You are somewhat inexperienced. (-1 XL)
You have an extremely huge brain. (Int +4)
A meltable shield of frost defends you. (SH +4)


Message History

The orc knight goes into a battle-frenzy!
You block the skeletal warrior's attack.
You block the skeletal warrior's attack.
The orc knight is stunned by your conviction and fails to attack.
You block the skeletal warrior's attack.
The orc knight roars a battlecry!
The orc knight goes into a battle-frenzy!
The orc knight hits you with a +1 battleaxe!
You block the skeletal warrior's attack.
The two-headed ogre hits you with a +0 giant spiked club!!
You block the two-headed ogre's attack. You block the ogre's attack.
You hear a shout!
You hear two shouts!
You climb upwards.
There is a stone staircase leading down here.
The ogre attacks as you move away! You block the ogre's attack.
You block the orc knight's attack. You block the orc knight's attack.
You hit the orc knight but do no damage.
The orc knight hits you with a +1 battleaxe!!
You feel threatened and lose the ability to drink potions!
The orc knight hits you with a +1 battleaxe!
You focus your inner power and illuminate the orc knight in retribution!
The two-headed ogre attacks as you move away!
You block the two-headed ogre's attack. x2
Aiming: Power Leap
Press: ? - help, Dir - move target You kill the ogre!
You block the two-headed ogre's attack.
The two-headed ogre hits you with a +0 giant club!!
* * * LOW HITPOINT WARNING * * *
A demonic guardian appears!
You focus your inner power and blind the two-headed ogre in retribution!
You block the orc knight's attack.
The orc knight barely misses your sixfirhy.
Unknown command.
You pummel the two-headed ogre!! You bite the two-headed ogre.
The two-headed ogre is almost dead.
Your sixfirhy hits the orc knight but does no damage.
The orc knight hits you with a +1 battleaxe!!
You die...

.................#.##.........##
................##.##.#........##
...................#....))).....#
............##.....#.##..).....#.
.............###......####[###...
.....#.......#.........##...#....
.....#.......)...................
..#..#..#........)............###
#.#.............WO.>..###...###
#................o##...##...#
...##............3......#...#
#.###...................#####
...###.................##
##.##..###.##....◑.....#
.#...............(....##
..).....#............##
.......###...##.....##


You could see an orc knight (strong, corona, ally target), a two-headed ogre
(blind) and a friendly sixfirhy (summoned).

Vanquished Creatures
  Jorgrun (Orc:2)
  Agnes (D:15)
  An orc warlord (D:12)
  A fire dragon (Lair:5)
  3 hydras
  2 catoblepae (Lair:4)
  The ghost of arthad the Mimic, a journeyman GnSh of Makhleb (D:10)
  A catoblepas (shapeshifter) (D:14)
  Erolcha (Orc:2)
  An ogre mage (Orc:2)
  A death knight (D:15)
  3 centaur warriors
  4 boulder beetles
  2 tengu warriors
  2 two-headed ogres
  9 death yaks
  2 orc high priests (Orc:2)
  A skyshark (Lair:2)
  A fire crab (shapeshifter) (D:13)
  7 skeletal warriors
  A fire crab (Lair:5)
  2 orc knights (D:15)
  A lindwurm (Lair:5)
  A phantasmal warrior (D:15)
  7 cyclopes
  2 deep elf pyromancers
  9 orc sorcerers (Orc:2)
  A salamander (shapeshifter) (D:15)
  8 manticores
  A moth of wrath (D:13)
  3 ugly things
  3 elephants (Lair:5)
  A black mamba (shapeshifter) (D:14)
  7 black mambas
  2 merfolk sirens (Lair:2)
  3 molten gargoyles (Lair:5)
  6 cane toads
  11 komodo dragons
  2 rime drakes
  2 kobold demonologists (D:14)
  A freezing wraith (D:14)
  A yaktaur (D:15)
  2 merfolk (Lair:2)
  A hornet (D:11)
  9 trolls
  A polar bear (Lair:2)
  Grinder (D:6)
  6 blink frogs (Lair:3)
  4 dream sheep (Lair:5)
  4 slime creatures (D:12)
  2 shadows (D:11)
  2 wyverns
  A centaur simulacrum (D:15)
  45 yaks
  4 wraiths
  9 basilisks
  2 steam dragons
  6 vampire mosquitoes
  15 water moccasins
  2 acid dragons
  2 swamp worms (D:13)
  3 hell hounds (Lair:5)
  19 orc warriors
  2 ice beasts
  A sky beast (D:4)
  2 black bears
  15 ogres
  20 wolves
  11 centaurs
  2 phantoms (D:5)
  6 kobold brigands
  13 bullfrogs
  3 gnoll sergeants (D:12)
  A scorpion (D:7)
  10 wights
  5 killer bees
  4 howler monkeys
  5 lava snakes (Lair:5)
  4 hounds
  15 orc priests
  3 iguanas
  A jelly (D:4)
  25 orc wizards
  Natasha (twice) (D:3)
  A mummy (Ossuary)
  12 gnolls
  5 adders
  A white imp (D:8)
  A worm zombie (D:5)
  A worm (D:3)
  A dart slug (D:4)
  59 orcs
  5 spectral bats (Ossuary)
  8 ball pythons
  6 endoplasms
  3 giant cockroaches
  4 goblins
  4 hobgoblins
  7 jackals
  16 kobolds
  8 quokkas
  9 bats
  2 frilled lizards
  12 gnoll zombies (Ossuary)
  4 goblin simulacra (Ossuary)
  5 goblin zombies (Ossuary)
  A hobgoblin zombie (Ossuary)
  A kobold simulacrum (Ossuary)
  4 kobold zombies (Ossuary)
  8 orc zombies (Ossuary)
  3 rats
  A rat simulacrum (Ossuary)
  A rat zombie (D:5)
  3 spectral goblins (Ossuary)
  4 spectral kobolds (Ossuary)
  4 spectral rats (Ossuary)
614 creatures vanquished.

Vanquished Creatures (collateral kills)
  A manticore (D:14)
  An ugly thing (D:12)
  An elephant (Lair:5)
  A tyrant leech (D:13)
  A dream sheep (Lair:5)
  2 blink frogs (Lair:3)
  A steam dragon (D:7)
  A swamp worm (D:13)
  An orc warrior (D:12)
  3 gnoll sergeants (D:12)
  A scorpion (D:4)
  An orc priest (D:4)
  2 orc wizards
  2 gnolls
  2 worms (D:3)
  4 orcs
  A bat (D:3)
  A kobold (D:4)
27 creatures vanquished.

Vanquished Creatures (others)
  A catoblepas (Lair:4)
  A death yak (Lair:5)
  A tengu warrior (D:13)
  A slime creature (D:12)
  An ugly thing (D:15)
  A blink frog (Lair:3)
  A yak (D:10)
  A centaur (D:13)
  3 ogres
  A wolf (Lair:4)
  3 orc wizards (Orc:2)
15 creatures vanquished.

Grand Total: 656 creatures vanquished

Notes
Turn   | Place    | Note
-------+----------+-------------------------------------------
     0 | D:1      | Midn8 the Demonspawn Shapeshifter began the quest for the
                  | Orb.
     0 | D:1      | Reached XP level 1. HP: 16/16 MP: 1/1
    85 | D:1      | Reached skill level 2 in Unarmed Combat
    99 | D:1      | Gained mutation: A weak demonic guardian rushes to your
                  | aid. [demonic ancestry]
    99 | D:1      | Reached XP level 2. HP: 21/22 MP: 2/2
   542 | D:1      | Gained mutation: You have an unusually large brain. (Int
                  | +2) [demonic ancestry]
   542 | D:1      | Reached XP level 3. HP: 26/27 MP: 3/3
   570 | D:1      | Reached skill level 3 in Unarmed Combat
  1086 | D:2      | Found a faded altar of an unknown god.
  1401 | D:3      | Noticed a bullfrog
  1460 | D:3      | Killed a bullfrog
  1461 | D:3      | Reached skill level 4 in Unarmed Combat
  1461 | D:3      | Reached XP level 4. HP: 16/33 MP: 4/4
  1485 | D:2      | Gained mutation: A demonic guardian rushes to your aid.
                  | [demonic ancestry]
  1485 | D:2      | Reached XP level 5. HP: 16/38 MP: 5/5
  1709 | D:3      | Noticed Natasha
  1724 | D:3      | Killed Natasha
  1725 | D:3      | Reached skill level 5 in Unarmed Combat
  1921 | D:3      | Found a runed translucent door.
  1922 | D:3      | Noticed Crazy Yiuf
  2033 | D:3      | Noticed Natasha
  2040 | D:3      | Killed Natasha
  2041 | D:3      | Gained mutation: You have an extremely huge brain. (Int +4)
                  | [demonic ancestry]
  2041 | D:3      | Reached XP level 6. HP: 35/44 MP: 6/6
  2333 | D:4      | Noticed a sky beast
  2426 | D:4      | Reached skill level 6 in Unarmed Combat
  2494 | D:4      | HP: 2/44 [scorpion (2)]
  3000 | D:4      | Reached XP level 7. HP: 38/54 MP: 7/7
  3061 | D:4      | Found a staircase to the Ecumenical Temple.
  3180 | D:4      | Reached skill level 7 in Unarmed Combat
  3194 | Temple   | Entered the Ecumenical Temple
  3394 | Temple   | Became a worshipper of Ru the Awakened
  3893 | D:5      | Entered Level 5 of the Dungeon
  3967 | D:5      | Found a stormy altar of Qazlal.
  3972 | D:5      | Found a shimmering blue altar of Sif Muna.
  3978 | D:5      | Found an iron altar of Okawaru.
  4036 | D:5      | Found a sand-covered staircase.
  4055 | Ossuary  | Entered an ossuary
  4201 | Ossuary  | Gained mutation: You cannot study or use magical devices.
                  | [Ru sacrifice]
  4201 | Ossuary  | Reached * piety under Ru
  4201 | Ossuary  | Reached ** piety under Ru
  4681 | D:5      | Gained mutation: A meltable shield of frost defends you.
                  | (SH +4) [demonic ancestry]
  4681 | D:5      | Reached XP level 8. HP: 60/60 MP: 8/8
  4835 | D:5      | Found Secergh's Weapon Emporium.
  4906 | D:5      | Reached skill level 8 in Unarmed Combat
  5056 | D:6      | Noticed Grinder
  5088 | D:6      | Killed Grinder
  5089 | D:6      | Reached skill level 5 in Fighting
  5696 | D:6      | Found Yqudot's Assorted Antiques.
  5861 | D:6      | Found Finut's Book Emporium.
  6211 | D:7      | You fall into a shaft and drop 1 floor!
  6247 | D:7      | Gained mutation: You have a pair of small antennae on your
                  | head. [demonic ancestry]
  6247 | D:7      | Reached XP level 9. HP: 38/69 MP: 9/9
  6490 | D:7      | Reached skill level 9 in Unarmed Combat
  7030 | D:7      | Found an ancient bone altar of Kikubaaqudgha.
  7550 | D:8      | Reached skill level 10 in Unarmed Combat
  7568 | D:8      | Gained mutation: You occasionally lose the ability to drink
                  | potions when taking damage. [Ru sacrifice]
  7568 | D:8      | Gained mutation: You sometimes lose the ability to drink
                  | potions when taking damage. [Ru sacrifice]
  7568 | D:8      | Reached *** piety under Ru
  7729 | D:8      | Reached skill level 5 in Shapeshifting
  8151 | D:8      | Gained mutation: You have a pair of antennae on your head.
                  | [demonic ancestry]
  8151 | D:8      | Reached XP level 10. HP: 67/75 MP: 10/10
  8502 | D:9      | Found Gim Ytuz's Book Shop.
  8511 | D:9      | Found Ydijank's Antique Armour Boutique.
  9155 | D:9      | Found a basalt altar of Yredelemnul.
  9368 | D:10     | Entered Level 10 of the Dungeon
  9718 | D:10     | Found a runed translucent gate.
  9719 | D:10     | Found a runed translucent gate.
  9720 | D:10     | Found a runed translucent gate.
  9847 | D:10     | Noticed a two-headed ogre
  9937 | D:10     | Gained mutation: You cannot study or cast Ice magic. [Ru
                  | sacrifice]
  9937 | D:10     | Gained mutation: You cannot study or cast Hexes magic. [Ru
                  | sacrifice]
  9937 | D:10     | Gained mutation: You cannot study or cast Translocations
                  | magic. [Ru sacrifice]
  9937 | D:10     | Reached **** piety under Ru
 10037 | D:10     | Noticed arthad's ghost (journeyman GnSh)
 10077 | D:11     | Noticed a manticore
 10080 | D:11     | Paralysed by a hornet for 3 turns
 10092 | D:11     | Killed a manticore
 10253 | D:11     | Found a runed translucent door.
 10255 | D:11     | Noticed an orange crystal statue
 10255 | D:11     | Found the +10 tower shield of Ignorance {rN+ Int-4}
 10269 | D:11     | Found a runed translucent door.
 10295 | D:11     | Noticed a manticore
 10301 | D:11     | Killed a manticore
 10302 | D:11     | Reached skill level 11 in Unarmed Combat
 10312 | D:11     | Noticed a boulder beetle
 10499 | D:11     | Killed a boulder beetle
 10500 | D:11     | Gained mutation: You have a pair of large antennae on your
                  | head. (SInv) [demonic ancestry]
 10500 | D:11     | Reached XP level 11. HP: 82/86 MP: 11/11
 10616 | D:11     | Reached skill level 12 in Unarmed Combat
 10948 | D:11     | Found a staircase to the Lair.
 11144 | Lair:1   | Entered Level 1 of the Lair of Beasts
 11946 | Lair:1   | Gained mutation: You are somewhat inexperienced. (-1 XL)
                  | [Ru sacrifice]
 11946 | Lair:1   | Reached XP level 10. HP: 96/96 MP: 10/10
 11946 | Lair:1   | Reached ***** piety under Ru
 11946 | Lair:1   | Reached ****** piety under Ru
 12274 | Lair:2   | Reached skill level 5 in Dodging
 12606 | Lair:2   | Found a staircase to the Shoals.
 12636 | Lair:2   | Noticed a skyshark
 12642 | Lair:2   | Killed a skyshark
 12643 | Lair:2   | Reached XP level 11. HP: 40/87 MP: 11/11
 13492 | Lair:3   | Reached skill level 10 in Fighting
 13623 | Lair:3   | Found a hole to the Spider Nest.
 13879 | D:9      | Bought a faintly glowing chain mail for 313 gold pieces
 13879 | D:9      | Identified the +0 chain mail "Boobug" {Int+5 SInv} (You
                  | bought it in a shop on level 9 of the Dungeon)
 13953 | D:6      | Bought a transparent ring mail for 234 gold pieces
 13953 | D:6      | Identified the +1 ring mail "Suappoy" {-Cast Harm rPois
                  | rCorr Stlth-} (You bought it in a shop on level 6 of the
                  | Dungeon)
 14545 | Lair:3   | Identified the +6 chain mail "Ickukiat" {rElec}
 14931 | Lair:4   | Noticed a catoblepas
 14931 | Lair:4   | Noticed a catoblepas
 15006 | Lair:4   | Identified the +4 short sword of Revolt {pain, rPois Str+5}
 15017 | Lair:4   | Reached skill level 13 in Unarmed Combat
 15161 | Lair:4   | Found a staircase to the Slime Pits.
 15161 | Lair:4   | Found a viscous altar of Jiyva.
 15198 | Lair:4   | Killed a catoblepas
 15312 | Lair:4   | Found a shimmering blue altar of Sif Muna.
 15337 | Lair:4   | Noticed a catoblepas
 15351 | Lair:4   | Killed a catoblepas
 15603 | Lair:4   | Noticed a death yak
 15640 | Lair:4   | Killed a death yak
 15641 | Lair:4   | Reached skill level 14 in Unarmed Combat
 15669 | Lair:4   | Noticed a death yak
 15706 | Lair:4   | Killed a death yak
 15734 | Lair:4   | Killed a catoblepas
 16159 | Lair:4   | Noticed a death yak
 16195 | Lair:4   | Noticed a death yak
 16199 | Lair:4   | Noticed a death yak
 16200 | Lair:4   | Killed a death yak
 16201 | Lair:4   | Reached XP level 12. HP: 97/97 MP: 12/12
 16318 | Lair:5   | Entered Level 5 of the Lair of Beasts
 16674 | D:9      | Bought a pair of boots for 148 gold pieces
 16840 | Lair:5   | Reached skill level 1 in Shields
 16963 | Lair:5   | Identified the +9 sling "Widowermaker" {freeze, Drain rC++}
 17284 | Lair:5   | Reached skill level 5 in Shields
 17775 | Lair:5   | Found a large runed translucent door.
 17778 | Lair:5   | Found a large runed translucent door.
 17783 | Lair:5   | Noticed a fire dragon
 17821 | Lair:5   | Killed a fire dragon
 18979 | D:10     | Killed arthad's ghost
 19224 | D:12     | Reached XP level 13. HP: 100/106 MP: 13/13
 19532 | D:12     | Found a staircase to the Orcish Mines.
 19701 | D:12     | Found a hide-covered altar of Uskayaw.
 20608 | D:13     | Identified the staff "Musodgh" {rC+ Will++ MP+9 Int-4
                  | Stlth+ Ice}
 20611 | D:13     | Identified the +8 battleaxe "Plog" {holy, rC+ Will+}
 20753 | D:13     | Reached skill level 15 in Unarmed Combat
 22302 | D:14     | Found a snail-covered altar of Cheibriados.
 22358 | D:14     | Found a gate to the Vaults.
 22395 | D:14     | Noticed a formless jellyfish
 22424 | D:14     | an alligator changed into a quicksilver ooze
 22424 | D:14     | Noticed a quicksilver ooze (glowing shapeshifter)
 22425 | D:14     | a quicksilver ooze changed into a catoblepas
 22892 | Orc:1    | Entered Level 1 of the Orcish Mines
 22942 | Orc:1    | Reached skill level 16 in Unarmed Combat
 23009 | Orc:1    | Noticed an orc warlord
 23032 | D:12     | Killed an orc warlord
 23358 | Orc:1    | You fall into a shaft and drop 1 floor!
 23358 | Orc:2    | Entered Level 2 of the Orcish Mines
 23683 | Orc:2    | Found a staircase to the Elven Halls.
 24029 | Orc:2    | Found Vimewk's Book Shoppe.
 24055 | Orc:2    | Found Atsinuys's Antique Weapon Emporium.
 24055 | Orc:2    | Paralysed by an orc sorcerer for 3 turns
 24061 | Orc:2    | Paralysed by an orc sorcerer for 5 turns
 24177 | Orc:2    | Found an ancient bone altar of Kikubaaqudgha.
 24177 | Orc:2    | Noticed Jorgrun
 24180 | Orc:2    | Reached skill level 10 in Shapeshifting
 24183 | Orc:2    | Killed Jorgrun
 24184 | Orc:2    | Reached XP level 14. HP: 42/98 MP: 5/14
 24358 | Orc:2    | Found Hiasi's Magic Scroll Shoppe.
 24364 | Orc:2    | Noticed Erolcha
 24384 | Orc:2    | Killed Erolcha
 24390 | Orc:2    | Found a radiant altar of Vehumet.
 24406 | Orc:2    | Bought a scroll of teleportation for 42 gold pieces
 24406 | Orc:2    | Bought a scroll of blinking for 105 gold pieces
 24481 | Orc:2    | Found Kietui's Distillery.
 24600 | Orc:2    | Bought a potion of might for 60 gold pieces
 24749 | D:15     | Entered Level 15 of the Dungeon
 24751 | D:15     | Noticed Agnes
 25314 | D:15     | Killed Agnes
 25561 | D:14     | Slain by an orc knight

Illustrated notes

Levels and vault maps discovered:
D:1:      lightli_arrival_noodles, layout_basic
D:2:      layout_loops_ring, shapermc_ecumenical_altar_totnotflames
D:3:      layout_rooms, uniq_crazy_yiuf_cottage, uniq_natasha
D:4:      layout_cave_pods, minmay_temple_entry_statues
D:5:      layout_basic, minmay_overflow_temple_star_quad, enter_ossuary_3,
          serial_shops, nicolae_shop_tiny_real_fake_doors
D:6:      layout_rooms, serial_shops, nicolae_shop_rolling_square,
          shop_fountains, uniq_grinder
D:7:      layout_basic, lemuel_round_altar
D:8:      layout_basic, enter_bailey_2
D:9:      layout_basic, yredelemnul_altar_generic, serial_shops,
          nicolae_square_shop, shop
D:10:     layout_irregular_city, ebering_ghost_rock_garden,
          kennysheep_generic_room_15
D:11:     layout_irregular_city, david_lair_shrubbed,
          chequers_guarded_unrand_ignorance
D:12:     layout_basic, kennysheep_orc_monster_closet_entryway,
          nicolae_uskayaw_murder_on_the_dancefloor
D:13:     layout_gridville, minmay_misc_feat_alley, worms_lemuel
D:14:     layout_cave_pools, david_vaults_4, cheibriados_altar_1
D:15:     grunt_enter_depths_snipers, layout_loops_ring,
          nicolae_fountain_basement, uniq_agnes
Temple:   bh_familiar_temple
Lair:1:   layout_loops_ring, beast_lair_carwin_8
Lair:2:   layout_misc_corridors, elwin_shoals_entry_stream, serial_bayou_pond_e
Lair:3:   layout_regular_city, dummy_spider_entry, kennysheep_basilisk_garden
Lair:4:   nzn_motion_control, layout_cellular_growth, slime_entry_1, basic_altar
Lair:5:   cheibrodos_lair_end_hotspot, layout_regular_city,
          chequers_serial_rivers_large_a
Orc:1:    layout_caves
Orc:2:    kennysheep_orc_mage_school, layout_caves, kennysheep_orc_chapel,
          uniq_jorgrun

Skill      XL: |  1  2  3  4  5  6  7  8  9 10 11 12 13 14 |
---------------+-------------------------------------------+-----
Unarmed Combat | 2 4 5 6 7 8 10 11 14 16 | 16.0
Fighting       | 4 6 8 10 11 12 | 12.6
Shapeshifting  | 4 6 7 9 10 11 | 11.0
Dodging        | 6 7 8 |  8.0
Shields        | 8 |  8.0

Action                     |  1- 3 |  4- 6 |  7- 9 | 10-12 | 13-15 || total
---------------------------+-------+-------+-------+-------+-------++-------
  Melee: Unarmed           |   133 |   139 |   412 |   747 |   565 ||  1996
         Punch             |     3 |     6 |    22 |     5 |       ||    36
         Constrict         |       |       |    14 |   106 |       ||   120
         Maw               |       |       |       |   119 |   201 ||   320
 Invoke: Sacrifice Artific |       |       |     1 |       |       ||     1
         Sacrifice Drink   |       |       |     1 |       |       ||     1
         Draw Out Power    |       |       |       |     2 |       ||     2
         Sacrifice Arcana  |       |       |       |     1 |       ||     1
         Sacrifice Experie |       |       |       |     1 |       ||     1
         Apocalypse        |       |       |       |     1 |     6 ||     7
         Power Leap        |       |       |       |     1 |     2 ||     3
Ability: Begin Untransform |       |       |     1 |       |       ||     1
  Evoke: Wand              |       |     1 |       |       |       ||     1
    Use: Scroll            |       |    10 |     4 |    10 |     3 ||    27
         Potion            |       |     1 |     1 |     2 |       ||     4
   Stab: Distracted        |       |       |     1 |     7 |     6 ||    14
         Sleeping          |       |       |       |     6 |       ||     6
         Invisible         |       |       |       |     4 |     8 ||    12
         Petrified         |       |       |       |     3 |       ||     3
         Paralysed         |       |       |       |     1 |    13 ||    14
 Armour: Animal skin       |     8 |       |       |       |       ||     8
         Leather armour    |    11 |       |       |       |       ||    11
         Scale mail        |    18 |    48 |    71 |       |       ||   137
         Skin              |       |       |    11 |    77 |    28 ||   116
  Dodge: Dodged            |    77 |    58 |   154 |   160 |   125 ||   574
  Block: Other             |       |       |    27 |   117 |       ||   144
         Reflection        |       |       |       |     8 |    27 ||    35
         Kite shield       |       |       |       |   120 |   371 ||   491
   Form: Anaconda          |       |       |     3 |     1 |       ||     4
         Beast             |       |       |     1 |       |       ||     1
         Blade             |       |       |       |     1 |       ||     1
         Maw               |       |       |       |     1 |       ||     1

Table legend: (Time is in decaauts)
 A = Elapsed time spent in this place.
 B = Non-inter-level travel time spent in this place.
 C = Inter-level travel time spent in this place.
 D = Time resting spent in this place.
 E = Time spent auto-exploring this place.
 F = Levels seen in this place.
 G = Mean time per level.
                   A        B        C        D        E       F      G
               +--------+--------+--------+--------+--------+-----+--------+
         Total |  25301 |  23511 |   1790 |   6539 |  11872 |  24 | 1054.2 |
       Dungeon |  15953 |  14834 |   1119 |   4195 |   7631 |  15 | 1063.5 |
        Temple |    217 |    175 |     42 |      0 |    170 |   1 |  217.0 |
          Lair |   7202 |   6683 |    519 |   1942 |   3370 |   5 | 1440.4 |
  Orcish Mines |   1505 |   1395 |    110 |    366 |    585 |   2 |  752.5 |
       Ossuary |    423 |    423 |      0 |     35 |    115 |   1 |  423.0 |
               +--------+--------+--------+--------+--------+-----+--------+

Top non-repeatable levels by time:
  Lair:5: 2024 daAuts
  Lair:4: 1535 daAuts
    D:13: 1517 daAuts
    D:12: 1513 daAuts
     D:7: 1473 daAuts
  Lair:3: 1431 daAuts
    D:14: 1412 daAuts
     D:4: 1403 daAuts
    D:11: 1238 daAuts
  Lair:1: 1228 daAuts
     D:9: 1053 daAuts
   Orc:2: 1049 daAuts
    D:10: 1009 daAuts
  Lair:2: 982 daAuts
     D:5: 961 daAuts
